 Dungeon Crawl Stone Soup version 0.27.1-33-g824d729ab1 (webtiles) character file.

Game seed: 13357175245846654447

9300 13raion the Cleaver (level 11, -2/104 HPs)
             Began as a Minotaur Berserker on Dec 2, 2021.
             Was a High Priest of Trog.
             Slain by a 13-headed hydra (8 damage)
             ... on level 2 of the Lair of Beasts.
             The game lasted 00:24:24 (9495 turns).

13raion the Cleaver (Minotaur Berserker)            Turns: 9495, Time: 00:24:25

Health: -2/104     AC: 25    Str: 30    XL:     11   Next: 21%
Magic:  10/10      EV:  7    Int:  4    God:    Trog [*****.]
Gold:   848        SH:  5    Dex: 11    Spells: 10/10 levels left

rFire    . . .     SeeInvis .   j - +1 war axe
rCold    . . .     Faith    .   c - +0 buckler
rNeg     . . .     Spirit   .   o - +4 crystal plate armour
rPois    +         Reflect  .   (helmet restricted)
rElec    .         Harm     .   (no cloak)
rCorr    .         Rampage  .   i - +0 pair of gloves
Will     .....                  (no boots)
Stlth    ..........             n - amulet of regeneration
HPRegen  1.27/turn              A - +6 ring of strength
MPRegen  0.12/turn              B - ring of poison resistance

@: about to teleport, on berserk cooldown, slowed, very slow
A: horns 2, retaliatory headbutt
a: Renounce Religion, Berserk, Trog's Hand, Brothers in Arms


You were on level 2 of the Lair of Beasts.
You worshipped Trog.
Trog was extremely pleased with you.
You visited 2 branches of the dungeon, and saw 10 of its levels.

You collected 848 gold pieces.

Inventory:

Hand Weapons
 a - a +0 hand axe
 j - a +1 war axe (weapon)
Armour
 b - a +0 animal skin
 c - a +0 buckler (worn)
 i - a +0 pair of gloves (worn)
 k - a +0 ring mail
 o - a +4 crystal plate armour (worn)
Jewellery
 m - a ring of magical power
 n - an amulet of regeneration (around neck)
 A - a +6 ring of strength (left hand)
 B - a ring of poison resistance (right hand)
 D - a +6 ring of intelligence
Wands
 p - a wand of acid (14)
 s - a wand of polymorph (8)
 y - a wand of iceblast (5)
Scrolls
 d - 3 scrolls of identify
 f - 4 scrolls of teleportation
 v - a scroll of amnesia
 w - a scroll of enchant armour
Potions
 e - 2 potions of magic
 g - 5 potions of curing
 h - 3 potions of attraction
 l - a potion of might
 q - 4 potions of lignification
 r - 4 potions of invisibility
 t - 2 potions of degeneration
 u - 2 potions of heal wounds
 x - 2 potions of ambrosia
 z - 2 potions of brilliance {unknown}
 C - a potion of berserk rage {unknown}


   Skills:
 * Level 11.8 Fighting
 + Level 13.7 Axes
 * Level 9.1 Armour
 * Level 4.2 Dodging
 * Level 4.8 Shields


You had 10 spell levels left.
You didn't know any spells.
Your spell library was empty.

Dungeon Overview and Level Annotations

Branches:
Dungeon (8/15)             Temple (0/1) D:7            Lair (2/6) D:8
  Swamp: Lair:2-4    Shoals: Lair:2-4     Snake: Lair:2-4    Spider: Lair:2-4

Altars:
Hepliaklqana
Kikubaaqudgha
Makhleb
Qazlal
Uskayaw
The Shining One


Innate Abilities, Weirdness & Mutations

You have a pair of horns on your head.
You reflexively headbutt those who attack you in melee.


Message History

The 13-headed hydra misses you.
Your ogre hits the 13-headed hydra with a +0 giant club!
The 13-headed hydra bites your ogre. x2; The 13-headed hydra bites your ogre!
The 13-headed hydra barely misses your ogre.
The 13-headed hydra completely misses your ogre.
The 13-headed hydra bites your ogre! x2
Your ogre dies!
Your ogre's corpse disappears in a puff of smoke!
You block the 13-headed hydra's attack. The 13-headed hydra bites you.
The 13-headed hydra completely misses you.
The 13-headed hydra bites you! The 13-headed hydra barely misses you.
The 13-headed hydra bites you! The 13-headed hydra barely misses you.
The 13-headed hydra bites you but does no damage.
You block the 13-headed hydra's attack.
The 13-headed hydra completely misses you.
The 13-headed hydra barely misses you.
The 13-headed hydra bites you but does no damage. x4
The 13-headed hydra bites you!
The 13-headed hydra barely misses you. x2
The 13-headed hydra bites you but does no damage.
As you read the scroll of teleportation, it crumbles to dust.
You feel strangely unstable.
The 13-headed hydra bites you but does no damage. x2
The 13-headed hydra closely misses you. The 13-headed hydra bites you!
* * * LOW HITPOINT WARNING * * *
The 13-headed hydra bites you but does no damage.
The 13-headed hydra barely misses you.
The 13-headed hydra bites you but does no damage.
The 13-headed hydra bites you!
* * * LOW HITPOINT WARNING * * *
The 13-headed hydra bites you but does no damage. x2
The 13-headed hydra bites you.
* * * LOW HITPOINT WARNING * * *
The 13-headed hydra bites you.
* * * LOW HITPOINT WARNING * * *
The 13-headed hydra closely misses you. You block the 13-headed hydra's attack.
The 13-headed hydra bites you but does no damage.
You block the 13-headed hydra's attack. The 13-headed hydra barely misses you.
The 13-headed hydra bites you!
You die...

##..## ###..# ##..# #...#
##P..# #P...# ### ### ###..#
##.####.###### #..##
#......D.....# #
##...#####.....@#.....##.#P.
#P.#..##.#...#.##.##........
###.#.........#####.......P.
###.###..........###......#..
P..####...................# #
.(.##........#.#.....#...##
...........#######.##.##..#
#.####......P###.... #.##...
#### ##.............# ## #..#


You could see a 13-headed hydra.

Vanquished Creatures
  A hydra (Lair:1)
  A manticore (D:7)
  A rime drake (Lair:1)
  6 cane toads (Lair:1)
  2 komodo dragons (Lair:1)
  A shadow (D:7)
  Sigmund (D:5)
  A wraith (D:8)
  6 yaks
  4 water moccasins
  2 orc warriors (D:7)
  6 black bears
  An ice beast (D:6)
  A necrophage (D:7)
  7 ogres
  3 sky beasts
  A phantom (D:5)
  2 kobold brigands
  10 bullfrogs
  3 scorpions
  A wyvern zombie (D:5)
  A water moccasin skeleton (D:4)
  4 wights (D:7)
  An electric eel (Lair:1)
  2 centaur zombies
  2 hounds
  3 orc priests
  3 centaur skeletons (D:7)
  2 jellies (D:7)
  6 orc wizards
  2 iguanas
  A hound zombie (D:5)
  4 gnolls
  A howler monkey skeleton (D:7)
  13 adders
  An adder skeleton (D:4)
  A worm (D:3)
  5 dart slugs
  26 orcs
  5 endoplasms
  6 giant cockroaches
  7 goblins
  12 hobgoblins
  24 kobolds
  3 quokkas
  5 ball pythons
  3 bats
  4 frilled lizards
  5 rats
  A spectral kobold (D:5)
214 creatures vanquished.

Vanquished Creatures (others)
  A sky beast (D:5)
  2 plants (Lair:1)
3 creatures vanquished.

Grand Total: 217 creatures vanquished

Notes
Turn   | Place    | Note
-------+----------+-------------------------------------------
     0 | D:1      | 13raion the Minotaur Berserker began the quest for the Orb.
     0 | D:1      | Reached XP level 1. HP: 19/19 MP: 0/0
    32 | D:1      | Reached skill level 4 in Axes
    32 | D:1      | Reached XP level 2. HP: 18/27 MP: 1/1
   498 | D:1      | Reached XP level 3. HP: 31/34 MP: 2/2
   733 | D:1      | Reached ** piety under Trog
  1612 | D:2      | Reached skill level 5 in Axes
  1612 | D:2      | Reached XP level 4. HP: 36/41 MP: 3/3
  1953 | D:2      | Reached skill level 5 in Fighting
  2414 | D:3      | Reached XP level 5. HP: 29/48 MP: 4/4
  2417 | D:3      | Reached *** piety under Trog
  2782 | D:3      | Reached skill level 1 in Shields
  2788 | D:3      | Reached skill level 6 in Axes
  3522 | D:4      | Found a stormy altar of Qazlal.
  3544 | D:4      | Found a burning altar of Makhleb.
  3846 | D:4      | Reached XP level 6. HP: 47/56 MP: 5/5
  3959 | D:4      | Reached skill level 7 in Axes
  4284 | D:4      | Identified a scroll of acquirement
  4284 | D:4      | Acquired a +2 crystal plate armour
  4298 | D:5      | Entered Level 5 of the Dungeon
  4387 | D:5      | Reached skill level 8 in Axes
  4387 | D:5      | Reached XP level 7. HP: 50/63 MP: 6/6
  5041 | D:5      | Reached skill level 9 in Axes
  5217 | D:5      | Noticed Sigmund
  5225 | D:5      | Killed Sigmund
  5226 | D:5      | Reached XP level 8. HP: 73/73 MP: 7/7
  5241 | D:5      | Reached skill level 10 in Axes
  5247 | D:5      | Reached **** piety under Trog
  5339 | D:5      | Found an ancient bone altar of Kikubaaqudgha.
  5371 | D:5      | Found a glowing golden altar of the Shining One.
  5504 | D:5      | Found a hazy altar of Hepliaklqana.
  6445 | D:6      | Reached skill level 11 in Axes
  6735 | D:7      | Reached XP level 9. HP: 82/82 MP: 8/8
  6970 | D:7      | Reached skill level 5 in Armour
  7267 | D:7      | Noticed a manticore
  7285 | D:7      | Killed a manticore
  7286 | D:7      | Reached skill level 10 in Fighting
  7286 | D:7      | Reached skill level 12 in Axes
  7484 | D:7      | Found a staircase to the Ecumenical Temple.
  7778 | D:8      | Reached XP level 10. HP: 94/94 MP: 9/9
  7785 | D:8      | Found a hide-covered altar of Uskayaw.
  7917 | D:8      | Reached ***** piety under Trog
  8246 | D:8      | Found a staircase to the Lair.
  8256 | Lair:1   | Entered Level 1 of the Lair of Beasts
  8284 | Lair:1   | Noticed a cane toad
  8291 | Lair:1   | Killed a cane toad
  8301 | Lair:1   | Noticed a seven-headed hydra
  8321 | Lair:1   | Killed a ten-headed hydra
  8322 | Lair:1   | Reached skill level 13 in Axes
  8386 | Lair:1   | Noticed a cane toad
  8401 | Lair:1   | Killed a cane toad
  8530 | Lair:1   | Noticed a cane toad
  8532 | Lair:1   | Noticed a cane toad
  8540 | Lair:1   | Killed a cane toad
  8545 | Lair:1   | Killed a cane toad
  8687 | Lair:1   | Noticed a cane toad
  8692 | Lair:1   | Killed a cane toad
  8693 | Lair:1   | Reached XP level 11. HP: 103/103 MP: 10/10
  9472 | Lair:2   | Noticed a six-headed hydra
  9495 | Lair:2   | Slain by a 13-headed hydra

Illustrated notes

Levels and vault maps discovered:
D:1:      giann_forest_graveyard, layout_basic, chequers_avenue
D:2:      layout_basic, st_stairs_5, minmay_split_cup_large
D:3:      kennysheep_big_flooded_room, layout_basic, kennysheep_generic_room_14
D:4:      layout_basic, amcnicky_altar_gilded, bloody_makhleb
D:5:      layout_cave_pools, kennysheep_mini, tso_oasis_becter,
          nicolae_hepliaklqana_monster_ancestors, uniq_sigmund
D:6:      layout_basic
D:7:      minmay_the_grid_square_5x5_3x3 [minmay_the_grid_square_5x5_shrine1,
          minmay_the_grid_square_5x5_eight, minmay_the_grid_square_5x5_minibox,
          minmay_the_grid_square_5x5_shuriken,
          minmay_the_grid_square_5x5_megaprize_hollow,
          minmay_the_grid_square_5x5_three_small, minmay_the_grid_square_5x5_z,
          minmay_the_grid_square_5x5_spiral_small,
          minmay_the_grid_square_5x5_moneybag], layout_cave_pools,
          minmay_temple_entry_waves
D:8:      layout_loops_cross, eat_drink_and_be_merry_uskayaw, lair_entry_dummy
Lair:1:   layout_chaotic_city, gammafunk_lair_bear_cave, grunt_megastairs_5
Lair:2:   layout_layer_cave, minmay_snake_entry_guardpost_small,
          portal_ice_cave_entry_pillars_2, lemuel_fruit_fields

Skill      XL: |  1  2  3  4  5  6  7  8  9 10 11 |
---------------+----------------------------------+-----
Fighting       | 4 5 6 7 8 10 11 | 11.8
Axes           | 4 5 6 8 9 11 12 13 | 13.7
Shields        | 1 2 3 4 |  4.8
Armour         | 4 6 8 9 |  9.1
Dodging        | 3 4 |  4.2

Action                   |  1- 3 |  4- 6 |  7- 9 | 10-12 || total
-------------------------+-------+-------+-------+-------++-------
Melee: Hand axe          |    88 |    50 |       |       ||   138
       Headbutt          |     9 |    24 |    49 |    41 ||   123
       War axe           |       |   101 |   248 |   162 ||   511
Invok: Trog's Hand       |       |     2 |     3 |     1 ||     6
       Berserk           |       |     1 |     3 |     2 ||     6
       Brothers in Arms  |       |       |       |     1 ||     1
  Use: Scroll            |       |     7 |     9 |     6 ||    22
 Stab: Sleeping          |     1 |     1 |       |       ||     2
Armor: Animal skin       |    11 |    14 |       |       ||    25
       Ring mail         |       |    29 |       |       ||    29
       Crystal plate arm |       |     8 |   186 |   127 ||   321
Dodge: Dodged            |    45 |    74 |    39 |    60 ||   218
Block: Buckler           |    13 |    20 |    37 |    39 ||   109
